 Dungeon Crawl Stone Soup version 0.29-a0-1009-g60c99734e7 (webtiles) character file.

Game seed: 8668428175336227648

53 nickcage the Conjurer (level 3, -2/19 HPs)
             Began as a Tengu Conjurer on Aug 8, 2022.
             Slain by a quokka (4 damage)
             ... on level 2 of the Dungeon.
             The game lasted 00:02:05 (1022 turns).

nickcage the Conjurer (Tengu Conjurer)              Turns: 1022, Time: 00:02:07

Health: -2/19      AC:  2    Str:  7    XL:     3   Next: 89%
Magic:  0/7        EV: 12    Int: 20    God:
Gold:   52         SH:  0    Dex: 12    Spells: 3/6 levels left

rFire   . . .      SeeInvis .   d - +0 dagger
rCold   . . .      Faith    .   (no shield)
rNeg    . . .      Spirit   .   a - +0 robe
rPois   .          Reflect  .   (helmet restricted)
rElec   .          Harm     .   (no cloak)
rCorr   .          Rampage  .   (no gloves)
Will    .....                   (boots unavailable)
Stlth   ++........              (no amulet)
HPRegen 0.06/turn               (no ring)
MPRegen 0.10/turn               (no ring)

@: no status effects
A: beak, talons 3
a: no special abilities


You were on level 2 of the Dungeon.
You visited 1 branch of the dungeon, and saw 2 of its levels.

You collected 52 gold pieces.

Inventory:

Hand Weapons
 d - a +0 dagger (weapon)
 e - a +2 short sword of venom
Armour
 a - a +0 robe (worn)
Scrolls
 c - 2 scrolls of identify {unknown}
 f - a scroll of poison {unknown}
Potions
 b - a potion of magic


   Skills:
 - Level 2.1 Dodging
 - Level 2.0 Stealth
 + Level 2.4 Spellcasting
 + Level 6.8 Conjurations


You had 3 spell levels left.
You knew the following spells:

 Your Spells              Type           Power      Damage    Failure   Level
a - Magic Dart            Conj           100%       1d8       1%          1
b - Searing Ray           Conj           58%        2d6       1%          2

Your spell library contained the following spells:

 Spells                   Type           Power      Damage    Failure   Level
 Dazzling Flash           Conj/Hex       32%        N/A       11%         3
 Fulminant Prism          Conj/Hex       8%         3d7       36%         4
 Iskenderun's Mystic Bla  Conj/Tloc      16%        2d5       36%         4
 Passage of Golubria      Tloc           2%         N/A       83%         4
 Silence                  Hex/Air        1%         N/A       99%         5
 Lehudib's Crystal Spear  Conj/Erth      8%         10d3      100%        8


Dungeon Overview and Level Annotations

Branches:
Dungeon (2/15)

Altars:


Innate Abilities, Weirdness & Mutations

You have a beak for a mouth.
You have claws for feet.


Message History

Terence is lightly wounded.
Terence shouts!
Terence zaps a wand.
The roots erupt in riotous growth!
The grasping roots grab you! The grasping roots constrict you.
The magic dart hits Terence but does no damage.
Terence is lightly wounded.
The grasping roots constrict you.
The grasping roots release their grip on you.
The searing ray hits Terence.
Terence is heavily wounded. (Press . to maintain the ray.) Terence zaps a wand.
The roots erupt in riotous growth!
The grasping roots grab you! The grasping roots constrict you.
A hobgoblin comes into view.
The searing ray hits Terence.
Terence is severely wounded.
The grasping roots constrict you.
The searing ray hits Terence.
Terence is almost dead.
A quokka comes into view.
The grasping roots constrict you.
* * * LOW HITPOINT WARNING * * *
The grasping roots release their grip on you.
The searing ray hits Terence!
You kill Terence!
You finish channelling your searing ray.
Found 5 stones.
You see here 2 poisoned darts.
Found 3 scrolls labelled ZECAIZ SOBUJE.
The hobgoblin attacks as you move away! The hobgoblin misses you.
You are too injured to fight recklessly!
Aiming: Magic Dart (safe; 1% risk of failure)
Press: ? - help, Q - select action, (/) - cycle Shift-Dir - straight line, f - hobgoblin
Aim: a hobgoblin (100% to hit)
The magic dart hits the hobgoblin.
The hobgoblin is moderately wounded.
The quokka bites you.
You die...

<....#.#.# #
.......#.#.#
####.###.#.#######
#(............#
#.###.#.#.....### ###
#.#.#.......#
#.#.#.......#
#.#.#.(.....#
#.#.#...g@..#
#.#.#...r...#
..#####.#)#.......##
........#$#........?#
#.####.......######.#
#.......# .#
#.....(.# # #.......#
#.......#


You could see a quokka and a hobgoblin.

Vanquished Creatures
  Terence (D:2)
  2 dart slugs (D:1)
  2 endoplasms (D:1)
  2 giant cockroaches (D:1)
  3 goblins (D:1)
  2 hobgoblins (D:1)
  2 quokkas (D:1)
  2 ball pythons (D:1)
  4 bats (D:1)
  A frilled lizard (D:1)
  A kobold (D:1)
  A rat (D:1)
23 creatures vanquished.

Notes
Turn   | Place    | Note
-------+----------+-------------------------------------------
     0 | D:1      | nickcage the Tengu Conjurer began the quest for the Orb.
     0 | D:1      | Reached XP level 1. HP: 10/10 MP: 4/4
   185 | D:1      | Reached XP level 2. HP: 15/15 MP: 4/6
   254 | D:1      | Learned a level 2 spell: Searing Ray
   286 | D:1      | Reached skill level 6 in Conjurations
   721 | D:1      | Found a faded altar of an unknown god.
   785 | D:1      | Reached XP level 3. HP: 18/19 MP: 3/7
  1006 | D:2      | Noticed Terence
  1012 | D:2      | Killed Terence
  1022 | D:2      | Slain by a quokka

Illustrated notes

Levels and vault maps discovered:
D:1:      shiori_arrival_oz, layout_loops_ring,
          hellmonk_ecumenical_altar_pennies_from_heaven
D:2:      layout_basic, uniq_terence

Skill      XL: |  1  2 |
---------------+-------+-----
Conjurations   | 6 |  6.8
Dodging        | |  2.1
Stealth        | |  2.0
Spellcasting   | |  2.4

Action                   || total
-------------------------++-------
 Cast: Magic Dart        ||    39
       Searing Ray       ||     1
Dodge: Dodged            ||     4

Table legend: (Time is in decaauts)
 A = Elapsed time spent in this place.
 B = Non-inter-level travel time spent in this place.
 C = Inter-level travel time spent in this place.
 D = Time resting spent in this place.
 E = Time spent auto-exploring this place.
 F = Levels seen in this place.
 G = Mean time per level.
                   A        B        C        D        E       F      G
               +--------+--------+--------+--------+--------+-----+--------+
         Total |   1023 |   1005 |     18 |      0 |    908 |   2 |  511.5 |
       Dungeon |   1023 |   1005 |     18 |      0 |    908 |   2 |  511.5 |
               +--------+--------+--------+--------+--------+-----+--------+

Top non-repeatable levels by time:
     D:1: 981 daAuts
     D:2: 41 daAuts
